Map: Newkirk Precinct TE (Void)

Players

Kas - Winner!

  • Race: Terran Terran
  • League: Grandmaster
  • Spawn Location: 7:00

Railgan

  • Race: Zerg Zerg
  • League: Grandmaster
  • Spawn Location: 5:00

VOD

Have the link to the VOD?

Description

Time

  • Played on: March 11, 2017, 2:55 p.m.
  • Length: 20:44
Show
View Real Time Build Order
Export as new Build Order

Kas Terran - Winner!

Build Orders: Reaper Expand, Bio Tank 

Get SALT Encoding   

  12  0:00  SCV  
  13  0:13  SCV  
  14  0:18  Supply Depot  
  14  0:26  SCV  
  15  0:29  Refinery  
  15  0:39  SCV  
  16  0:45  Barracks  
  16  0:51  SCV  
  17  1:03  SCV  
  18  1:15  SCV  
  19  1:32  Orbital Command  
  19  1:34  Reaper  
  20  1:44  Command Center  
  20  1:54  Factory  
  20  1:59  SCV  
  21  2:07  Refinery  
  21  2:08  Barracks Reactor  
  21  2:11  SCV  
  22  2:16  Supply Depot  
  22  2:23  SCV  
  23  2:37  SCV  
  23  2:42  Starport  
  24  2:58  Hellion x2, SCV  
  27  3:08  Orbital Command  
  27  3:15  Barracks Tech Lab  
  26  3:21  Cyclone  
  26  3:23  Cyclone  
  32  3:36  SCV  
  32  3:38  SCV  
  34  3:46  Medivac  
  36  3:49  SCV  
  36  3:51  SCV  
  36  3:54  Supply Depot  
  38  3:59  Hellion x2  
  38  4:01  SCV  
  43  4:03  SCV  
  44  4:13  SCV  
  44  4:15  SCV  
  46  4:19  Supply Depot  
  46  4:25  SCV  
  46  4:27  SCV  
  46  4:28  Liberator  
  48  4:33  Barracks, Marine  
  48  4:34  Stimpack  
  48  4:36  Barracks  
  48  4:37  SCV  
  50  4:39  SCV  
  50  4:41  Factory Reactor  
  51  4:51  Marine  
  53  5:00  SCV  
  54  5:14  SCV x2  
  52  5:16  Marine  
  53  5:23  Engineering Bay  
  53  5:25  Marine x2  
  53  5:26  Engineering Bay, SCV  
  56  5:34  Marine x3, SCV  
  56  5:35  Starport Reactor  
  60  5:36  Factory Tech Lab  
  60  5:38  SCV  
  61  5:43  Marine  
  61  5:45  Supply Depot  
  61  5:46  Supply Depot  
  62  5:55  Terran Infantry Armor Level 1, Refinery, Terran Infantry Weapons Level 1  
  62  5:56  Refinery  
  62  6:04  Bunker  
  62  6:05  Marine x2, SCV  
  62  6:07  Marine x3, SCV  
  66  6:11  Siege Tank  
  69  6:20  Missile Turret  
  69  6:23  Marine x2  
  69  6:24  Missile Turret, Marine  
  68  6:31  Marine x2  
  70  6:36  Combat Shields  
  70  6:38  Medivac x2  
  70  6:39  Missile Turret, SCV  
  75  6:40  SCV  
  75  6:43  Marine  
  77  6:52  Supply Depot  
  77  6:53  Supply Depot  
  77  7:00  Siege Tank  
  76  7:04  Marine  
  76  7:05  Marine  
  78  7:12  Command Center  
  78  7:13  Armory  
  78  7:14  Marine  
  79  7:22  Marine x3  
  82  7:23  Marine  
  83  7:30  Supply Depot  
  83  7:31  Supply Depot  
  83  7:32  Marine  
  83  7:37  Siege Tank  
  84  7:39  Marine  
  84  7:40  Marine, SCV  
  84  7:46  Barracks  
  84  7:47  Barracks  
  81  8:03  Marine  
  79  8:12  Marine x4  
  80  8:13  Siege Tank  
  80  8:21  Marine, Terran Infantry Weapons Level 2, Terran Infantry Armor Level 2  
  80  8:29  Orbital Command  
  80  8:30  Marine x4  
  80  8:33  Marine  
  83  8:34  SCV  
  83  8:37  Marine  
  83  8:38  Marine  
  84  8:45  Medivac  
  84  8:48  Marine x4  
  89  8:54  Siege Tank  
  93  8:56  Orbital Command  
  93  8:59  Barracks Tech Lab  
  93  9:01  Barracks Reactor  
  92  9:04  Factory  
  92  9:06  Marine x5  
  97  9:13  SCV x2  
  99  9:20  Marine  
  99  9:23  SCV  
  99  9:24  Marine x4  
  100  9:25  Missile Turret, Marine  
  105  9:32  Siege Tank, Medivac x2  
  105  9:35  SCV  
  105  9:36  SCV  
  105  9:38  Marine x2  
  115  9:39  Marine  
  115  9:42  Marine x4, Supply Depot  
  115  9:43  Marine  
  115  9:44  Supply Depot  
  94  9:56  Marine x3, SCV  
  94  9:58  Factory Tech Lab  
  94  9:59  Marine x2  
  84  10:00  Marine x2  
  84  10:01  Marine  
  84  10:04  Siege Tank  
  92  10:13  Marine  
  89  10:14  Marine x2  
  89  10:17  Marine  
  89  10:21  Orbital Command  
  87  10:29  Marine x4  
  87  10:33  Marine x2  
  93  10:38  Marine x2  
  95  10:46  Marine  
  95  10:47  Marine x3  
  95  10:48  Siege Tank  
  95  10:49  Siege Tank  
  96  10:51  Marine x2  
  96  10:56  Marine x2  
  99  11:03  Command Center  
  99  11:04  Marine  
  92  11:23  Marine x2  
  86  11:25  Marine x2  
  86  11:26  Marine x2, Siege Tank  
  86  11:27  Marine  
  86  11:28  Siege Tank  
  86  11:29  Medivac x2  
  98  11:35  Marine  
  98  11:39  Terran Infantry Weapons Level 3  
  99  11:41  Marine x2  
  99  11:45  Marine  
  102  11:50  Marine x2  
  102  11:51  Marine x2  
  102  11:53  Marine  
  101  11:56  Orbital Command  
  101  11:59  Marine x2  
  103  12:03  Marine  
  104  12:18  Marine  
  104  12:19  Siege Tank  
  108  12:28  Marine  
  109  12:31  Marine x2  
  109  12:35  Terran Infantry Armor Level 3  
  111  12:38  Terran Vehicle Weapons Level 1  
  111  12:40  Medivac x2  
  111  12:43  Marine x2  
  117  12:50  Refinery  
  117  12:51  Refinery  
  117  12:52  SCV  
  118  13:01  Sensor Tower  
  118  13:03  Marine x2  
  120  13:09  Planetary Fortress  
  120  13:10  Medivac  
  122  13:23  Marine x4  
  122  13:24  Siege Tank  
  129  13:30  Marine x2  
  128  13:37  Marine  
  128  13:38  Marine  
  128  13:41  Marine  
  120  13:48  Marine  
  120  13:49  Marine  
  120  13:53  Marine x3  
  120  13:54  Siege Tank  
  91  13:55  Marine  
  91  13:56  Marine  
  91  13:58  Marine  
  78  14:05  Siege Tank  
  78  14:06  Marine x2  
  82  14:11  Marine x3  
  82  14:13  Marine  
  82  14:14  Marine  
  82  14:16  Medivac, Marine  
  81  14:24  Marine x2  
  81  14:28  Marine  
  81  14:29  Marine x2  
  81  14:31  Marine  
  73  14:50  Marine  
  73  14:53  Marine x2  
  73  14:56  Marine  
  73  14:57  Marine  
  73  14:59  Marine  
  78  15:03  Marine  
  78  15:04  Marine  
  80  15:08  Marine  
  80  15:09  Siege Tank  
  80  15:11  Marine x2  
  80  15:12  Siege Tank  
  89  15:15  Marine  
  89  15:19  Marine x2  
  92  15:24  Marine  
  92  15:26  Marine x2  
  95  15:29  Marine  
  95  15:32  Marine  
  95  15:33  Marine  
  98  15:37  Marine  
  98  15:41  Marine  
  98  15:42  Marine  
  100  15:49  Marine  
  101  15:53  Marine x4  
  101  15:55  Marine  
  103  16:13  Marine x4  
  103  16:14  Siege Tank x2  
  103  16:18  Marine x2, Orbital Command  
  112  16:20  Marine x2  
  113  16:26  Refinery  
  113  16:27  Refinery  
  104  16:43  Marine x7  
  111  16:50  Marine  
  112  17:00  Marine  
  81  17:20  Marine x3  
  73  17:23  Marine  
  73  17:25  Marine x2  
  73  17:26  Marine x2  
  73  17:27  Siege Tank  
  80  17:38  Marine x3  
  80  17:41  Marine  
  77  17:45  Marine  
  63  17:52  Marine  
  63  17:54  Marine x2  
  63  17:55  Medivac x2  
  63  17:56  Marine  
  63  17:58  Marine x2  
  73  17:59  Marine  
  73  18:02  Marine  
  75  18:10  Marine  
  75  18:11  Siege Tank  
  75  18:12  Marine x2  
  81  18:13  Marine  
  81  18:15  Marine x2  
  81  18:17  Marine  
  85  18:20  Marine  
  86  18:27  Marine  
  86  18:29  Medivac, Marine  
  86  18:30  Marine  
  86  18:31  Marine  
  86  18:33  Marine  
  88  18:39  Marine x3  
  88  18:41  Siege Tank  
  91  18:45  Marine  
  91  18:47  Marine x2  
  94  18:51  Marine  
  95  19:02  Marine  
  90  19:07  Marine x2  
  90  19:09  Marine  
  84  19:10  Marine  
  84  19:16  Marine  
  82  19:17  Marine  
  82  19:23  Marine x2  
  84  19:24  Marine  
  84  19:26  Marine  
  84  19:28  Medivac x2  
  84  19:30  Marine  
  83  19:34  Orbital Command  
  82  19:39  Marine x2  
  82  19:43  Marine  
  85  19:51  Marine x2  
  82  19:54  Siege Tank  
  85  20:05  Marine x2  
  87  20:08  Marine x2  
  87  20:12  Marine  
  90  20:14  Marine  
  90  20:16  Marine  
Show
View Real Time Build Order
Export as new Build Order

Railgan Zerg 

Build Orders: Pool First 

Get SALT Encoding   

  12  0:01  Drone  
  13  0:13  Overlord  
  13  0:21  Drone  
  14  0:31  Drone  
  14  0:32  Drone  
  14  0:35  Drone  
  17  0:47  Spawning Pool  
  16  0:50  Drone  
  16  0:56  Drone  
  18  1:10  Extractor  
  17  1:16  Hatchery  
  17  1:18  Drone  
  17  1:23  Drone  
  18  1:36  Zergling x2  
  18  1:37  Roach Warren  
  18  1:44  Queen  
  20  1:48  Drone  
  20  1:52  Drone  
  22  2:00  Overlord  
  22  2:19  Roach  
  22  2:20  Queen  
  22  2:22  Roach  
  28  2:29  Roach  
  30  2:32  Queen  
  32  2:46  Drone x2  
  32  2:49  Overlord  
  32  2:50  Drone  
  35  2:54  Drone  
  35  3:09  Lair  
  35  3:10  Drone x2  
  37  3:15  Drone x2  
  37  3:19  Drone  
  40  3:21  Extractor  
  40  3:25  Overlord  
  39  3:28  Drone  
  39  3:32  Drone x2  
  42  3:36  Drone  
  42  3:37  Drone  
  44  3:43  Extractor  
  44  3:45  Drone  
  44  3:46  Drone x2  
  44  3:48  Drone  
  47  3:49  Drone  
  48  3:56  Drone  
  48  3:58  Drone  
  48  4:02  Overlord  
  50  4:10  Overlord  
  50  4:13  Spire  
  50  4:16  Extractor  
  48  4:20  Glial Reconstitution  
  48  4:21  Overlord  
  48  4:22  Drone  
  49  4:26  Drone x2  
  49  4:28  Drone  
  49  4:30  Drone  
  53  4:34  Overlord  
  53  4:39  Overseer  
  47  4:53  Drone x2  
  47  4:54  Drone x5  
  47  4:58  Drone  
  53  5:01  Drone  
  53  5:10  Drone  
  53  5:11  Drone x3  
  53  5:16  Drone  
  53  5:17  Drone x3  
  57  5:24  Drone  
  58  5:30  Overlord  
  58  5:40  Mutalisk  
  58  5:41  Mutalisk  
  62  5:49  Mutalisk x5  
  67  6:08  Drone x3  
  70  6:16  Drone  
  71  6:19  Overlord  
  71  6:24  Evolution Chamber  
  71  6:25  Evolution Chamber  
  69  6:27  Drone  
  69  6:28  Drone, Hatchery  
  70  6:37  Drone  
  70  6:39  Overlord  
  71  6:40  Hydralisk Den  
  71  6:45  Overlord  
  70  6:49  Roach  
  70  6:50  Roach  
  74  7:05  Zerg Missile Weapons Level 1  
  74  7:06  Zerg Ground Armor Level 1  
  72  7:08  Drone  
  72  7:09  Drone x7  
  80  7:16  Roach x3  
  84  7:23  Overlord  
  84  7:26  Muscular Augments  
  84  7:29  Queen  
  86  7:36  Overlord  
  86  7:42  Roach x5  
  88  8:03  Roach x3  
  88  8:04  Roach x4  
  102  8:15  Roach x6  
  112  8:28  Hydralisk  
  114  8:37  Overlord  
  114  8:40  Drone x2  
  114  8:45  Overlord  
  114  8:47  Overlord x2  
  114  8:52  Overlord  
  114  8:56  Ravager x8  
  114  9:02  Overlord  
  122  9:06  Drone x2  
  122  9:07  Drone x7  
  131  9:11  Hydralisk x2  
  131  9:13  Roach  
  131  9:14  Roach  
  139  9:21  Roach x4  
  147  9:26  Drone  
  147  9:27  Drone x3  
  147  9:28  Overlord  
  151  9:32  Extractor  
  151  9:33  Roach x2  
  151  9:34  Extractor  
  151  9:35  Overlord  
  144  9:52  Roach x6  
  138  9:53  Roach  
  138  9:56  Roach  
  138  9:58  Drone  
  138  9:59  Drone x2  
  140  10:00  Drone x3  
  145  10:14  Roach x6  
  145  10:16  Overlord  
  129  10:22  Roach  
  129  10:23  Zerg Missile Weapons Level 2  
  129  10:25  Zerg Ground Armor Level 2  
  131  10:29  Hatchery  
  131  10:31  Hydralisk  
  129  10:38  Roach x4  
  137  10:46  Hydralisk x3  
  143  10:56  Roach x7  
  151  10:58  Roach  
  151  11:02  Roach x2  
  151  11:04  Roach  
  159  11:07  Roach x2  
  162  11:13  Hatchery  
  162  11:16  Roach x4  
  155  11:25  Roach x5  
  158  11:29  Roach x2  
  158  11:32  Roach  
  164  11:36  Roach x2  
  164  11:38  Roach x2  
  172  11:56  Corruptor x2  
  172  11:57  Corruptor  
  172  12:00  Overlord x2  
  178  12:05  Overlord  
  178  12:07  Overlord  
  178  12:20  Hydralisk x2  
  178  12:22  Hydralisk x2  
  186  12:26  Hydralisk x2  
  190  12:30  Hydralisk x3  
  190  12:31  Hydralisk  
  190  12:34  Hydralisk  
  200  12:59  Pneumatized Carapace  
  200  13:00  Infestation Pit  
  200  13:01  Lurker Den  
  182  13:35  Hydralisk  
  182  13:37  Hydralisk  
  182  13:38  Hydralisk x5  
  170  13:53  Hydralisk  
  154  13:56  Hydralisk  
  154  13:57  Hydralisk x7  
  146  14:03  Hydralisk x5  
  146  14:04  Hydralisk x3  
  146  14:05  Roach x5  
  170  14:15  Roach x4  
  178  14:17  Overlord  
  178  14:22  Roach  
  180  14:26  Roach  
  178  14:34  Roach x3  
  160  14:40  Roach x3  
  160  14:49  Roach  
  160  14:50  Roach x6  
  158  15:04  Extractor x2  
  156  15:10  Zerg Melee Weapons Level 1, Metabolic Boost  
  156  15:15  Hatchery, Zergling x2  
  156  15:16  Zergling x8  
  156  15:17  Lurker x4  
  156  15:20  Overseer x2  
  164  15:21  Drone x2  
  164  15:22  Drone  
  164  15:23  Spine Crawler  
  164  15:24  Spine Crawler  
  164  15:25  Spore Crawler  
  164  15:31  Zergling x6  
  164  15:33  Zergling x2  
  168  15:41  Drone x3  
  168  15:42  Drone x3  
  168  15:48  Extractor  
  168  15:50  Extractor  
  168  15:53  Spine Crawler  
  163  16:01  Hive  
  157  16:24  Spine Crawler  
  137  16:40  Hydralisk x9  
  146  16:47  Ravager  
  146  16:48  Ravager x6, Zergling x8  
  146  16:49  Zergling x24  
  149  17:09  Hydralisk x4  
  149  17:11  Hydralisk  
  149  17:13  Hydralisk  
  149  17:14  Hydralisk x3  
  140  17:19  Hydralisk  
  140  17:20  Hydralisk  
  141  17:30  Hydralisk x4  
  141  17:34  Zergling x2  
  123  17:51  Drone x3  
  114  17:52  Drone x3  
  114  17:53  Drone  
  114  17:54  Hydralisk  
  121  18:09  Zergling x8  
  125  18:17  Lurker x6  
  131  18:26  Hydralisk  
  119  18:37  Drone  
  119  18:38  Drone x3  
  123  18:43  Hydralisk  
  123  18:44  Hydralisk  
  127  18:55  Hydralisk x3  
  116  19:06  Drone x4  
  110  19:11  Hydralisk x2  
  110  19:12  Hydralisk x3  
  91  19:18  Drone  
  91  19:19  Drone x2  
  88  19:30  Drone  
  85  20:08  Hatchery  
Tags
 
Add a new tag
Caveats
  • Supply blocks, unpowered buildings, or Contaminate may cause inaccurate times.
  • Supply counts are checked every 10 seconds.